AoeStats
← Lord_Wilfredo

Arena

504909085Analyzed
1v1 RM · 25d ago on Sep 7, 2026· 47m 44s· 2 players
Game mode
Random Map
Map size
Tiny (2 player)
Population
200
Speed
Normal
Resources
Standard
Victory
Conquest
Starting age
Dark Age
Ending age
Imperial Age
RankedLock teamsTeams togetherTeam positionsShared explorationLock speedFull tech treeHidden civsTurbo modeCheats
Victory
Defeat
🇦🇷 Bulgarians · Argentina
1264
+16
🇦🇷 Spanish · Argentina
1273
-16
CarlosMeneM
11:09 Feudal Age
15:19 Castle Age
14:44 Double-Bit Axe
14:41 Horse Collar
17:43 Bow Saw
21:26 Gold Mining
22:16 Loom
23:15 Masonry
23:28 Stone Mining
24:43 Ballistics
25:18 Wheelbarrow
24:40 Fletching
25:44 Gold Shaft Mining
26:36 Bodkin Arrow
27:15 Hand Cart
26:45 Town Watch
27:47 Stone Shaft Mining
27:24 Padded Archer Armor
31:39 Imperial Age
29:27 Leather Archer Armor
28:51 Elite Skirmisher
31:23 Scale Barding Armor
31:28 Forging
31:33 Bloodlines
31:23 Husbandry
31:41 Stirrups
32:08 Town Patrol
32:41 Chain Barding Armor
32:29 Thumb Ring
33:30 Conscription
33:31 Heavy Plow
34:16 Architecture
34:47 Chemistry
34:02 Siege Engineers
33:58 Light Cavalry
35:14 Bracer
35:50 Plate Barding Armor
35:50 Iron Casting
35:51 Elite Konnik
36:52 Cavalier
38:55 Blast Furnace
37:56 Scale Mail Armor
37:51 Pikeman
38:49 Hussar
40:21 Halberdier
41:01 Squires
40:47 Arson
42:08 Chain Mail Armor
Lord_Wilfredo
10:35 Feudal Age
12:37 Loom
15:37 Castle Age
14:25 Double-Bit Axe
16:48 Bow Saw
16:47 Town Watch
28:21 Imperial Age
25:46 Pikeman
26:27 Squires
27:20 Wheelbarrow
26:29 Elite Skirmisher
27:26 Padded Archer Armor
28:09 Fletching
28:25 Scale Barding Armor
30:03 Chemistry
29:25 Leather Archer Armor
30:30 Conscription
31:18 Ring Archer Armor
31:00 Forging
32:47 Two-Man Saw
31:44 Halberdier
34:18 Ballistics
33:21 Cavalier
34:02 Husbandry
34:21 Thumb Ring
34:57 Bloodlines
35:58 Gold Mining
35:59 Stone Mining
36:56 Chain Barding Armor
36:36 Light Cavalry
37:38 Hand Cart
37:09 Horse Collar
38:30 Plate Barding Armor
38:31 Iron Casting
39:38 Heavy Plow
40:00 Scale Mail Armor
39:56 Bodkin Arrow
40:48 Stone Shaft Mining
42:26 Blast Furnace
Connection lost

Rejoining the realm…

Still unreachable

The connection could not be restored.

Session expired

The server has moved on; the page needs a fresh start.